AoeStats
← Google

Arabia

505976314Analyzed
2v2 RM · 21d ago on Sep 11, 2026· 82m 28s· 4 players
Game mode
Random Map
Map size
Medium (4 player)
Population
200
Speed
Normal
Resources
Standard
Victory
Conquest
Starting age
Dark Age
Ending age
Imperial Age
RankedLock teamsTeams togetherTeam positionsShared explorationLock speedFull tech treeHidden civsTurbo modeCheats
Victory
Defeat
🇦🇷 Britons · Argentina
583
+16
🇦🇷 Portuguese · Argentina
566
+17
🇷🇴 Huns · Romania
733
-50
🇷🇴 Chinese · Romania
452
-11
patricio.rodriguez92
12:24 Feudal Age
13:45 Double-Bit Axe
14:52 Wheelbarrow
18:35 Fletching
20:19 Gold Mining
21:36 Padded Archer Armor
29:45 Castle Age
32:36 Hand Cart
32:39 Bow Saw
32:25 Stone Mining
32:18 Crossbowman
32:20 Elite Skirmisher
34:47 Stone Shaft Mining
37:19 Leather Archer Armor
38:26 Bodkin Arrow
44:19 Imperial Age
42:58 Caravan
43:29 Coinage
46:02 Two-Man Saw
44:30 Elite Organ Gun
45:52 Arbalester
46:39 Thumb Ring
46:40 Bracer
54:45 Ring Archer Armor
75:37 Fortified Wall
75:39 Masonry
75:50 Ballistics
76:30 Chemistry
75:13 Treadmill Crane
Maxi10cn6561
12:38 Feudal Age
12:00 Loom
16:39 Castle Age
16:08 Double-Bit Axe
20:51 Wheelbarrow
21:46 Horse Collar
25:07 Hand Cart
24:54 Heavy Plow
25:07 Bow Saw
25:50 Fletching
26:00 Padded Archer Armor
27:49 Fortified Wall
27:21 Treadmill Crane
27:56 Masonry
29:50 Gold Mining
29:50 Stone Mining
29:57 Stone Mining
34:14 Imperial Age
33:47 Gold Shaft Mining
35:22 Conscription
35:49 Hoardings
37:02 Two-Man Saw
36:32 Town Watch
38:34 Caravan
39:13 Town Patrol
39:13 Bodkin Arrow
39:34 Leather Archer Armor
42:26 Elite Longbowman
43:57 Ring Archer Armor
43:29 Bracer
45:08 Chemistry
44:30 Ballistics
46:42 Architecture
46:19 Siege Engineers
57:50 Cavalier
58:31 Husbandry
70:49 Scale Barding Armor
70:55 Forging
71:13 Fervor
72:53 Iron Casting
72:38 Chain Barding Armor
80:15 Plate Barding Armor
80:42 Blast Furnace
ALGAMER
14:38 Feudal Age
16:15 Wheelbarrow
15:55 Horse Collar
17:23 Town Watch
18:57 Double-Bit Axe
23:34 Scale Mail Armor
23:40 Scale Barding Armor
24:07 Gold Mining
24:08 Stone Mining
26:23 Castle Age
25:46 Loom
27:22 Heavy Plow
27:35 Bow Saw
28:04 Gold Shaft Mining
27:48 Hand Cart
27:34 Town Patrol
30:06 Caravan
31:27 Pikeman
32:02 Arson
31:39 Man-at-Arms
32:20 Squires
37:07 Long Swordsman
38:38 Marauders
41:14 Imperial Age
40:23 Chain Mail Armor
40:28 Chain Barding Armor
43:27 Atheism
42:31 Elite Tarkan
42:35 Halberdier
42:35 Two-Handed Swordsman
42:38 Crossbowman
42:38 Elite Skirmisher
44:34 Two-Man Saw
44:22 Plate Barding Armor
43:48 Padded Archer Armor
43:38 Fletching
43:59 Forging
43:38 Cavalier
45:20 Heavy Cavalry Archer
62:38 Leather Archer Armor
62:18 Bodkin Arrow
62:59 Iron Casting
Google
0:34 Loom
10:21 Feudal Age
11:48 Wheelbarrow
11:03 Double-Bit Axe
14:17 Town Watch
21:09 Castle Age
21:28 Bloodlines
21:37 Scale Barding Armor
21:48 Forging
21:38 Scale Mail Armor
22:51 Hand Cart
22:31 Gold Mining
22:34 Stone Mining
22:59 Bow Saw
22:32 Horse Collar
22:55 Light Cavalry
28:10 Gold Shaft Mining
28:13 Stone Shaft Mining
31:13 Caravan
32:34 Husbandry
32:57 Chain Barding Armor
32:52 Chain Mail Armor
32:38 Padded Archer Armor
32:28 Fletching
33:13 Iron Casting
32:45 Squires
32:07 Pikeman
34:10 Town Patrol
34:53 Masonry
38:24 Imperial Age
36:16 Leather Archer Armor
35:56 Bodkin Arrow
38:30 Halberdier
38:33 Cavalier
40:42 Heavy Rocket Cart
42:49 Two-Man Saw
42:04 Elite Chu Ko Nu
43:58 Plate Barding Armor
43:54 Plate Mail Armor
43:37 Elite Fire Lancer
47:00 Plate Mail Armor
47:01 Ring Archer Armor
49:58 Rocketry
49:47 Great Wall
56:18 Blast Furnace
55:18 Bracer
56:59 Architecture
56:27 Murder Holes
58:58 Elite Skirmisher
62:22 Conscription
62:49 Arson
64:39 Thumb Ring
Connection lost

Rejoining the realm…

Still unreachable

The connection could not be restored.

Session expired

The server has moved on; the page needs a fresh start.